groovejumper, chaotic female elven Wizard --------- |...|.).| --.......| |..--....|------ |.0|-u@..|.....| |..|..|..|...%.| |..|>--..|.....| |........|..<..| ----.--..|.....| |.||..|...%.| --.||..|.....| |..------.---- |.........| ----------- groovejumper the Thaumaturge Experience level: 9 Strength: 13 Dexterity: 15 Constitution: 16 Intelligence: 20 Wisdom: 9 Charisma: 10 Health: 0(57) Energy: 110(110) AC: 10 Gold: 854 Moves: 7869 Your Inventory: Coins $ - 854 gold pieces Weapons a - an [uncursed] rustproof [+0] athame named Magicbane [Magicbane] (weapon in hand) U - a blessed +1 quarterstaff Z - 11 [uncursed +0] darts Armor s - an [uncursed +0] pair of hiking boots [speed] A - an uncursed +0 pair of riding boots [of brilliance (water walking)] T - an uncursed +0 cornuthaum (being worn) Comestibles n - an uncursed [stale] egg y - 4 [uncursed] tripe rations C - 3 uncursed food rations F - an [uncursed] lizard corpse Scrolls i - an uncursed scroll of identify j - 2 uncursed scrolls of enchant weapon o - a cursed scroll labeled ACHAT SHTAYIM SHALOSH [of enchant armor] p - a blessed scroll of genocide t - a blessed scroll of destroy armor w - an uncursed scroll of remove curse x - an uncursed scroll of flood B - an uncursed scroll labeled ABRA KA DABRA [of confuse monster] E - a [cursed] scroll of identify I - a [cursed] scroll of remove curse O - a [blessed] unlabeled scroll [of blank paper] P - 2 [uncursed] unlabeled scrolls [of blank paper] Q - a [cursed] unlabeled scroll [of blank paper] X - 2 [uncursed] scrolls called earth [of earth] Spellbooks k - a blessed spellbook of force bolt l - an uncursed spellbook of light v - an [uncursed] spellbook of light Potions f - an uncursed potion of water g - 2 uncursed potions of restore ability h - a potion of holy water D - an uncursed indigo potion [of acid] R - a [cursed] potion of full healing Rings d - an uncursed ring of cold resistance e - an uncursed ring of shock resistance u - an uncursed ring of free action V - an [uncursed] jade ring [of slow digestion] Wands c - an uncursed wand of undead turning (0:8) Tools m - an uncursed leather drum z - an [uncursed] leash S - an [uncursed] leash Spells known in the end: Name Level Category Fail Memory a - force bolt 1 attack 0% [|||||...] b - light 1 divination 0% [|||||...] Your skills at the end: Fighting Skills Weapon Skills quarterstaff [Basic / Expert] Spellcasting Skills attack spells [Skilled / Expert] enchantment spells [Basic / Skilled] Final Attributes: You were piously aligned. Hunger level was 897. Your alignment was 48 / 49. Monster difficulty range was 1 - 7. Level difficulty was 6. You were immune to sleep. You were magic-protected. You saw invisible. You were clairvoyant. You had infravision. You were unlucky (-1). You are dead. Vanquished creatures: a tengu a giant beetle a spotted jelly 7 leprechauns 2 iron piercers a horse a black light an orc mummy a gold golem a lizard a dog a jaguar a dust vortex a plains centaur a snake an ape a snow ant a wood nymph a water nymph 3 mountain nymphs 2 Uruk-hai an orc shaman 2 enormous rats a rock mole 2 shriekers a gnomish wizard a gray ooze a ghoul 2 straw golems a paper golem a giant ant a little dog a kitten a dwarf a homunculus 5 hill orcs 5 rothes a giant bat 4 dwarf zombies a wererat 4 iguanas 3 killer bees 2 acid blobs a gas spore 2 manes a large kobold a hobgoblin 5 giant rats 4 cave spiders a brown mold 4 gnomes 2 garter snakes 5 geckos 9 jackals 2 foxes 2 sewer rats 5 grid bugs 3 bats 4 lichens a kobold zombie 8 newts 133 creatures vanquished. Voluntary challenges: You used a wielded weapon 122 times. You read items or engraved 11 times. You put on armor 4 times. You never genocided any monsters. You never polymorphed an object. You never changed form. You used no wishes. You wrote Elbereth's name 7 times. You never encountered a bones level. You never used any Sokoban shortcuts. Dungeon overview: The Dungeons of Doom: levels 1 to 8 Level 1 an altar to Anhur, a fountain a long staircase Level 2 an armor shop, some fountains Level 3 many fountains Level 4 some altars a long staircase Level 6 a fountain Level 7 many fountains Level 8 stairs to Sokoban Sokoban: levels 6 to 7 Level 6 <- You were here Level 7 stairs to The Dungeons of Doom History has recorded: On T:1 you entered the Dungeons of Doom to retrieve the Amulet of Yendor! On T:162 you advanced to experience level 2. On T:702 you advanced to experience level 3. On T:749 you reached level 2 of The Dungeons of Doom. On T:976 you advanced to experience level 4. On T:1346 you reached level 3 of The Dungeons of Doom. On T:1375 you advanced to experience level 5. On T:1729 you reached level 4 of The Dungeons of Doom. On T:1798 you advanced to experience level 6. On T:3267 you received Magicbane from Anhur. On T:3722 you advanced to experience level 7. On T:4045 you reached level 5 of The Dungeons of Doom. On T:4494 you reached level 6 of The Dungeons of Doom. On T:4779 you reached level 7 of The Dungeons of Doom. On T:4947 you advanced to experience level 8. On T:5342 you reached level 8 of The Dungeons of Doom. On T:6176 you received advice from The Oracle. On T:6277 you reached level 3 of Sokoban. On T:6779 you advanced to experience level 9. On T:6924 you reached level 2 of Sokoban. Latest messages: The white unicorn kicks! [HP-7=40] The magic-absorbing blade stuns the white unicorn! The tip of the white unicorn's horn glows! The white unicorn seems steadier now. The white unicorn butts! The white unicorn kicks! [HP-12=28] The magic-absorbing blade probes the white unicorn! The probe is insightful. Status of the white unicorn (lawful): Level 4 HP 19(25) AC 2. The white unicorn is not carrying anything. The white unicorn butts! The white unicorn kicks! The white unicorn butts! The white unicorn kicks! [HP-14=14] You miss the white unicorn. The white unicorn butts! The white unicorn kicks! The white unicorn butts! You die... Final status: Goodbye groovejumper the Wizard... You died in Sokoban on dungeon level 6 with 2955 points, and 854 pieces of gold, after 7869 moves. You were level 9 with a maximum of 57 hit points when you died.